Sasquatch vs Diables
Created - December 10, 2017 at 19:36
Goals
|
Sasquatch |
0 |
2 |
3 |
5 |
Diables |
0 |
1 |
0 |
1 |
|
Shots
|
Sasquatch |
7 |
17 |
16 |
40 |
Diables |
8 |
10 |
11 |
29 |
|
1st period
No Goal
Penalties :
Nick Leddy (Gat) for Hooking (Minor) at 4:02, Nick Leddy (Gat) for Tripping (Minor) at 7:16, Filip Forsberg (Gat) for Holding (Minor) at 10:18, Tyler Randell (Gat) for Holding (Minor) at 15:44
2nd period
1. Diables , Tyler Bozak 16 (Steve Quailer 12) at 2:15
2. Sasquatch , Drew Shore 18 (Jason Akeson 13, Filip Forsberg 22) at 2:43 (PP)
3. Sasquatch , Brock Trotter 2 (Danny DeKeiser 6, Rickard Rakell 3) at 5:22
Penalties :
Hampus Lindholm (Alm) for Tripping (Minor) at 2:36, Garnet Hathaway (Gat) for Hooking (Minor) at 6:49
3rd period
4. Sasquatch , Jason Akeson 5 (Drew Shore 25, Danny DeKeiser 7) at 0:14
5. Sasquatch , Jason Akeson 6 (Filip Forsberg 23, Drew Shore 26) at 8:59
6. Sasquatch , Nick Bjugstad 9 (Nick Leddy 25, Jason Zucker 15) at 18:11 (PP)
Penalties :
Mark Fraser (Alm) for Holding (Minor) at 2:47, Jordan Szwarz (Alm) for Tripping (Minor) at 18:02
Goalie Stats
Corey Crawford (Gat), 28 saves from 29 shots - (0.966), W, 12-8-1, 60:00 minutes
Matt Murray (Alm), 35 saves from 40 shots - (0.875), L, 4-10-0, 60:00 minutes
Players Stats for Sasquatch
Player Name G A P +/- PIM S H SB GA TA FO MP PP MP PK MP
------------------------------------------------------------------------------------
Brock Trotter 1 0 1 1 0 5 1 1 1 1 0/0 11:37 0:00 2:14
Danny DeKeiser 0 2 2 1 0 1 3 3 0 0 0/0 28:49 0:53 4:39
Drew Shore 1 2 3 1 0 6 2 2 2 1 15/31 21:19 1:12 4:30
Filip Forsberg 0 2 2 1 2 5 2 0 2 0 0/2 18:22 1:12 0:00
Garnet Hathaway 0 0 0 0 2 0 0 0 0 0 0/2 14:44 0:00 3:50
Jason Akeson 2 1 3 1 0 6 2 0 0 0 1/3 18:23 1:12 0:00
Jason Zucker 0 1 1 0 0 1 0 1 1 0 0/0 14:12 1:03 0:48
Jonathan Blum 0 0 0 1 0 2 1 0 1 2 0/0 20:02 1:22 4:02
Martin Marincin 0 0 0 0 0 0 0 1 0 0 0/0 15:09 0:00 5:21
Nick Bjugstad 1 0 1 0 0 3 0 0 0 0 8/13 11:59 1:03 0:00
Nick Leddy 0 1 1 1 4 1 2 1 0 1 0/0 23:54 0:53 3:14
Petr Straka 0 0 0 1 0 0 1 0 0 0 0/0 10:24 1:02 0:00
Rickard Rakell 0 1 1 1 0 2 2 0 0 0 2/4 11:36 0:01 2:00
Sergey Kalinin 0 0 0 0 0 4 0 0 0 1 1/4 13:09 0:00 2:50
Slava Voynov 0 0 0 0 0 1 0 2 0 2 0/0 14:58 0:00 1:25
Teemu Hartikainen 0 0 0 0 0 2 1 0 0 0 0/0 13:58 0:00 3:38
Ty Wishart 0 0 0 1 0 0 0 1 0 2 0/0 16:38 1:22 0:32
Tyler Randell 0 0 0 0 2 1 4 2 0 0 1/1 10:47 0:00 0:37
Players Stats for Diables
Player Name G A P +/- PIM S H SB GA TA FO MP PP MP PK MP
------------------------------------------------------------------------------------
Alexandre Burrows 0 0 0 0 0 1 5 0 1 1 0/0 16:52 4:43 0:22
Andrew O'Brien 0 0 0 0 0 0 0 0 0 0 0/0 0:00 0:00 0:00
Ben Hanowski 0 0 0 0 0 2 0 0 1 0 0/0 7:25 0:00 0:00
Brandon Prust 0 0 0 0 0 3 1 1 0 0 0/0 21:19 5:05 0:00
Brian Dumoulin 0 0 0 -1 0 1 0 0 0 1 0/0 11:05 0:00 0:00
Craig Smith 0 0 0 0 0 2 0 1 1 0 0/1 17:45 4:43 1:15
Hampus Lindholm 0 0 0 -1 2 1 3 2 1 0 0/0 26:18 5:40 0:51
Jamie Oleksiak 0 0 0 0 0 0 1 0 0 0 0/0 4:21 0:00 1:08
Jon Merrill 0 0 0 -1 0 2 1 4 0 2 0/0 23:00 4:15 1:38
Jordan Szwarz 0 0 0 -2 2 1 2 0 2 0 0/0 12:13 0:07 0:00
Kyle Chipchura 0 0 0 0 0 0 0 0 0 0 0/0 0:00 0:00 0:00
Louis Leblanc 0 0 0 0 0 0 1 0 0 0 1/2 7:40 0:00 0:15
Mark Fraser 0 0 0 0 2 2 2 0 0 1 0/0 23:00 5:40 0:16
Olli Maatta 0 0 0 -1 0 2 0 0 0 1 0/0 16:31 4:15 0:37
Pavel Valentenko 0 0 0 0 0 1 0 1 0 1 0/0 16:00 0:00 0:00
Pierre-Cédric Labrie 0 0 0 0 0 0 1 0 2 0 1/1 8:09 0:00 0:27
Stefan Matteau 0 0 0 -2 0 3 1 0 0 0 2/4 12:07 0:00 0:00
Steve Quailer 0 1 1 0 0 2 2 0 0 0 1/1 21:26 5:12 0:00
Taylor Beck 0 0 0 -2 0 0 1 0 0 0 0/1 12:43 0:07 0:29
Tim Schaller 0 0 0 0 0 4 1 1 1 0 11/21 18:05 5:05 1:15
Tyler Bozak 1 0 1 0 0 2 1 0 1 0 16/29 21:43 4:43 0:27
3 Stars
1 - Jason Akeson (Gat)
2 - Drew Shore (Gat)
3 - Corey Crawford (Gat)
Power Play
Sasquatch - 2 on 3 Attempt(s) - 66.67%
Diables - 0 on 5 Attempt(s) - 0.00%
Penalty Kill
Sasquatch - 5 on 5 Attempt(s) - 100.00%
- Score 0 goal in Penalty Kill
Diables - 1 on 3 Attempt(s) - 33.33%
- Score 0 goal in Penalty Kill
Team Stat
Sasquatch - Hits : 21 - Faceoff Wins : 28 - Blocked Shots : 14 - Penalty Minutes : 10
Diables - Hits : 23 - Faceoff Wins : 32 - Blocked Shots : 10 - Penalty Minutes : 6
Official
Referees : Peel Tim and Fraser Kerry
Linesman : Thor Nelson and Lyle Seitz
Game Notes
2:15 of 2nd period - Diables goal is going for a video replay. After video review, Goal.
Finance
Level 1 -- Attendance: 1506 (75.30%) -- Ticket Income $60,240
Level 2 -- Attendance: 785 (78.50%) -- Ticket Income $15,700
Total Attendance: 2291 (76.37%)
Total Ticket Income: $75,940
Other Income: $3,797
Total Income: $79,737
Sasquatch
5 vs 5 Forward
Center Left Wing Right Wing Time % Phy DF OF
1 Drew Shore Filip Forsberg Jason Akeson 40 1 2 2
2 Nick Bjugstad Jason Zucker Garnet Hathaway 30 1 2 2
3 Rickard Rakell Brock Trotter Petr Straka 20 1 2 2
4 Sergey Kalinin Teemu Hartikainen Tyler Randell 10 1 2 2
5 vs 5 Defense
Defense Defense Time % Phy DF OF
1 Danny DeKeiser Nick Leddy 40 1 2 2
2 Ty Wishart Jonathan Blum 30 1 2 2
3 Martin Marincin Slava Voynov 20 1 2 2
4 Slava Voynov Danny DeKeiser 10 1 2 2
PowerPlay Forward
Center Left Wing Right Wing Time % Phy DF OF
1 Drew Shore Filip Forsberg Jason Akeson 60 1 2 2
2 Nick Bjugstad Jason Zucker Petr Straka 40 1 2 2
PowerPlay Defense
Defense Defense Time % Phy DF OF
1 Danny DeKeiser Nick Leddy 60 1 2 2
2 Ty Wishart Jonathan Blum 40 1 2 2
Penalty Kill 4 Players Forward
Center Wing Time % Phy DF OF
1 Drew Shore Garnet Hathaway 60 1 2 2
2 Sergey Kalinin Teemu Hartikainen 40 1 2 2
Penalty Kill 4 Players Defense
Defense Defense Time % Phy DF OF
1 Martin Marincin Nick Leddy 60 1 2 2
2 Danny DeKeiser Jonathan Blum 40 1 2 2
Penalty Kill - 3 Players Forward
Forward Time % Phy DF OF
1 Sergey Kalinin 60 1 2 2
2 Brock Trotter 40 1 2 2
Penalty Kill - 3 Players Defense
Defense Defense Time % Phy DF OF
1 Martin Marincin Nick Leddy 60 1 2 2
2 Danny DeKeiser Jonathan Blum 40 1 2 2
4 vs 4 Forward
Center Wing Time % Phy DF OF
1 Nick Bjugstad Filip Forsberg 60 1 2 2
2 Drew Shore Jason Zucker 40 1 2 2
4 vs 4 Defense
Defense Defense Time % Phy DF OF
1 Ty Wishart Nick Leddy 60 1 2 2
2 Danny DeKeiser Jonathan Blum 40 1 2 2
Last Minutes Offensive
Center Left Wing Right Wing Defense Defense
Drew Shore Filip Forsberg Jason Akeson Jonathan Blum Nick Leddy
Last Minutes Defensive
Center Left Wing Right Wing Defense Defense
Drew Shore Filip Forsberg Garnet Hathaway Martin Marincin Danny DeKeiser
Goaltenders
Starting : Corey Crawford
Backup : Joonas Korpisalo
Extra Forwards
Normal : Jason Zucker, Rickard Rakell, Teemu Hartikainen - PP : Jason Zucker, Rickard Rakell - PK : Teemu Hartikainen
Extra Defensemen
Normal : Ty Wishart, Slava Voynov, Danny DeKeiser - PP : Ty Wishart - PK : Slava Voynov, Danny DeKeiser
Penalty Shots
Jason Akeson, Jason Zucker, Nick Leddy, Filip Forsberg, Tyler Randell
Scratches
Andy Andreoff (Healthy), T.J. Tynan (Healthy), Dmitri Orlov (Healthy), Ty Rattie (Healthy), Joey Laleggia (Healthy)
Jack Campbell (Healthy)
Diables
5 vs 5 Forward
Center Left Wing Right Wing Time % Phy DF OF
1 Tyler Bozak Brandon Prust Steve Quailer 40 1 2 2
2 Tim Schaller Alexandre Burrows Craig Smith 30 1 2 2
3 Stefan Matteau Taylor Beck Jordan Szwarz 20 1 2 2
4 Louis Leblanc Pierre-Cédric Labrie Ben Hanowski 10 1 2 2
5 vs 5 Defense
Defense Defense Time % Phy DF OF
1 Jon Merrill Hampus Lindholm 40 1 2 2
2 Pavel Valentenko Mark Fraser 30 1 2 2
3 Brian Dumoulin Olli Maatta 20 1 2 2
4 Jamie Oleksiak Hampus Lindholm 10 1 2 2
PowerPlay Forward
Center Left Wing Right Wing Time % Phy DF OF
1 Tim Schaller Brandon Prust Steve Quailer 60 1 2 2
2 Tyler Bozak Alexandre Burrows Craig Smith 40 1 2 2
PowerPlay Defense
Defense Defense Time % Phy DF OF
1 Mark Fraser Hampus Lindholm 60 1 2 2
2 Olli Maatta Jon Merrill 40 1 2 2
Penalty Kill 4 Players Forward
Center Wing Time % Phy DF OF
1 Tim Schaller Craig Smith 60 1 2 2
2 Tyler Bozak Pierre-Cédric Labrie 40 1 2 2
Penalty Kill 4 Players Defense
Defense Defense Time % Phy DF OF
1 Mark Fraser Jon Merrill 60 1 2 2
2 Hampus Lindholm Jon Merrill 40 1 2 2
Penalty Kill - 3 Players Forward
Forward Time % Phy DF OF
1 Brandon Prust 60 1 2 2
2 Tim Schaller 40 1 2 2
Penalty Kill - 3 Players Defense
Defense Defense Time % Phy DF OF
1 Mark Fraser Pavel Valentenko 60 1 2 2
2 Hampus Lindholm Jon Merrill 40 1 2 2
4 vs 4 Forward
Center Wing Time % Phy DF OF
1 Tyler Bozak Alexandre Burrows 60 1 2 2
2 Tim Schaller Brandon Prust 40 1 2 2
4 vs 4 Defense
Defense Defense Time % Phy DF OF
1 Mark Fraser Hampus Lindholm 60 1 2 2
2 Pavel Valentenko Jon Merrill 40 1 2 2
Last Minutes Offensive
Center Left Wing Right Wing Defense Defense
Tyler Bozak Brandon Prust Craig Smith Hampus Lindholm Jon Merrill
Last Minutes Defensive
Center Left Wing Right Wing Defense Defense
Tyler Bozak Brandon Prust Craig Smith Hampus Lindholm Jon Merrill
Goaltenders
Starting : Matt Murray
Backup : Jean-Francois Berube
Extra Forwards
Normal : Craig Smith, Jordan Szwarz, Taylor Beck - PP : Craig Smith, Jordan Szwarz - PK : Taylor Beck
Extra Defensemen
Normal : Brian Dumoulin, Jamie Oleksiak, Hampus Lindholm - PP : Brian Dumoulin - PK : Jamie Oleksiak, Hampus Lindholm
Penalty Shots
Brandon Prust, Tyler Bozak, Alexandre Burrows, Ben Hanowski, Tim Schaller
Scratches
Gemel Smith (Healthy), Matt Lindblad (Healthy), Christian Thomas (Healthy), Borna Rendulic (Healthy), Adam Clendening (Healthy)
Eric Karlsson (Healthy), Brett Ritchie (Healthy), Blake Coleman (Healthy), Daniel Zaar (Healthy), Keith Seabrook (Healthy)
Marc-André Bourdon (Healthy), Linus Ullmark (Healthy)
% Time on Ice - Sasquatch
Lines # - Real PCT - Wanted PCT - Time Play
Normal Forward
1 - 36% - 40% - 17:13
2 - 23% - 30% - 11:05
3 - 20% - 20% - 9:22
4 - 21% - 10% - 10:10
Normal Defense
1 - 41% - 40% - 19:49
2 - 31% - 30% - 14:37
3 - 20% - 20% - 9:31
4 - 8% - 10% - 3:53
PP Forward
1 - 53% - 60% - 1:12
2 - 47% - 40% - 1:03
PP Defense
1 - 39% - 60% - 0:53
2 - 61% - 40% - 1:22
PK Forward
1 - 71% - 60% - 7:05
2 - 29% - 40% - 2:50
PK Defense
1 - 62% - 60% - 6:10
2 - 38% - 40% - 3:45
PK3 Forward
1 - 0% - 60%
2 - 0% - 40%
PK3 Defense
1 - 0% - 60%
2 - 0% - 40%
44 Forward
1 - 0% - 60%
2 - 0% - 40%
44 Defense
1 - 0% - 60%
2 - 0% - 40%
Last Minute Offensive - 0:00
Last Minute Defensive - 0:00
Total
Forward - 60:00
Defense - 60:00
|
% Time on Ice - Diables
Lines # - Real PCT - Wanted PCT - Time Play
Normal Forward
1 - 34% - 40% - 16:14
2 - 25% - 30% - 12:04
3 - 25% - 20% - 12:07
4 - 16% - 10% - 7:25
Normal Defense
1 - 39% - 40% - 18:44
2 - 34% - 30% - 16:06
3 - 23% - 20% - 11:05
4 - 4% - 10% - 1:55
PP Forward
1 - 52% - 60% - 5:12
2 - 48% - 40% - 4:43
PP Defense
1 - 57% - 60% - 5:40
2 - 43% - 40% - 4:15
PK Forward
1 - 80% - 60% - 1:48
2 - 20% - 40% - 0:27
PK Defense
1 - 100% - 60% - 2:15
2 - 0% - 40% - 0:00
PK3 Forward
1 - 0% - 60%
2 - 0% - 40%
PK3 Defense
1 - 0% - 60%
2 - 0% - 40%
44 Forward
1 - 0% - 60%
2 - 0% - 40%
44 Defense
1 - 0% - 60%
2 - 0% - 40%
Last Minute Offensive - 0:00
Last Minute Defensive - 0:00
Total
Forward - 60:00
Defense - 60:00
|
Play by Play
1st period
0:01 of 1st period - Drew Shore wins face-off versus Tyler Bozak in neutral zone.
1:00 of 1st period - Wrist shot by Brandon Prust.
1:00 of 1st period - Shot Misses the Net.
1:02 of 1st period - Snap shot by Mark Fraser.
1:02 of 1st period - Shot Blocked by Slava Voynov.
1:04 of 1st period - Slapshot by Steve Quailer.
1:04 of 1st period - Stopped by Corey Crawford without a rebound.
1:05 of 1st period - Tim Schaller wins face-off versus Nick Bjugstad in Sasquatch zone.
1:06 of 1st period - Snap shot by Alexandre Burrows.
1:06 of 1st period - Shot Misses the Net.
1:12 of 1st period - Slapshot by Alexandre Burrows.
1:12 of 1st period - Shot Hit the Post.
3:03 of 1st period - Jonathan Blum is hit by Steve Quailer and loses puck.
3:36 of 1st period - Brian Dumoulin is hit by Rickard Rakell and loses puck.
3:42 of 1st period - Off-side.
3:43 of 1st period - Drew Shore wins face-off versus Louis Leblanc in neutral zone.
3:55 of 1st period - Snap shot by Pierre-Cédric Labrie.
3:55 of 1st period - Shot Blocked by Nick Leddy.
3:57 of 1st period - Slapshot by Hampus Lindholm.
3:57 of 1st period - Shot Blocked by Drew Shore.
3:59 of 1st period - Wrist shot by Jon Merrill.
3:59 of 1st period - Stopped by Corey Crawford without a rebound.
4:00 of 1st period - Nick Bjugstad wins face-off versus Tim Schaller in Sasquatch zone.
4:02 of 1st period - Minor Penalty to Nick Leddy for Hooking.
4:03 of 1st period - Drew Shore wins face-off versus Tim Schaller in Sasquatch zone.
4:29 of 1st period - Craig Smith is hit by Teemu Hartikainen and loses puck.
5:38 of 1st period - Mark Fraser is hit by Danny DeKeiser and loses puck.
6:02 of 1st period - Penalty to Nick Leddy is over, Nick Leddy is back on ice.
6:12 of 1st period - Icing by Slava Voynov.
6:13 of 1st period - Drew Shore wins face-off versus Stefan Matteau in Sasquatch zone.
6:33 of 1st period - Slapshot by Hampus Lindholm.
6:33 of 1st period - Deflect By Pierre-Cédric Labrie.
6:33 of 1st period - Shot Blocked by Danny DeKeiser.
6:33 of 1st period - Puck is out of play.
6:34 of 1st period - Pierre-Cédric Labrie wins face-off versus Rickard Rakell in Sasquatch zone.
7:09 of 1st period - Wrist shot by Ben Hanowski.
7:09 of 1st period - Stopped by Corey Crawford with a rebound.
7:11 of 1st period - Slapshot by Mark Fraser.
7:11 of 1st period - Stopped by Corey Crawford without a rebound.
7:12 of 1st period - Tyler Bozak wins face-off versus Drew Shore in Sasquatch zone.
7:16 of 1st period - Minor Penalty to Nick Leddy for Tripping.
7:17 of 1st period - Tim Schaller wins face-off versus Drew Shore in Sasquatch zone.
7:19 of 1st period - Wrist shot by Steve Quailer.
7:19 of 1st period - Stopped by Corey Crawford with a rebound.
8:49 of 1st period - Mark Fraser is hit by Rickard Rakell.
9:16 of 1st period - Penalty to Nick Leddy is over, Nick Leddy is back on ice.
9:20 of 1st period - Icing by Tim Schaller.
9:21 of 1st period - Tim Schaller wins face-off versus Rickard Rakell in Diables zone.
9:21 of 1st period - Tim Schaller is hit by Brock Trotter.
9:33 of 1st period - Slapshot by Jordan Szwarz.
9:33 of 1st period - Stopped by Corey Crawford with a rebound.
9:51 of 1st period - Wrist shot by Sergey Kalinin.
9:51 of 1st period - Stopped by Matt Murray without a rebound.
9:52 of 1st period - Tim Schaller wins face-off versus Sergey Kalinin in Diables zone.
10:18 of 1st period - Minor Penalty to Filip Forsberg for Holding.
10:19 of 1st period - Drew Shore wins face-off versus Tim Schaller in Sasquatch zone.
10:19 of 1st period - Drew Shore is hit by Mark Fraser.
10:50 of 1st period - Snap shot by Craig Smith.
10:50 of 1st period - Stopped by Corey Crawford with a rebound.
11:20 of 1st period - Brandon Prust is hit by Nick Leddy and loses puck.
12:18 of 1st period - Penalty to Filip Forsberg is over, Filip Forsberg is back on ice.
12:33 of 1st period - Slapshot by Nick Leddy.
12:33 of 1st period - Stopped by Matt Murray without a rebound.
12:34 of 1st period - Rickard Rakell wins face-off versus Taylor Beck in Diables zone.
12:59 of 1st period - Pavel Valentenko is hit by Drew Shore and loses puck.
13:45 of 1st period - Jonathan Blum is hit by Steve Quailer.
14:32 of 1st period - Off-side.
14:33 of 1st period - Nick Bjugstad wins face-off versus Tim Schaller in neutral zone.
14:58 of 1st period - Slava Voynov is hit by Hampus Lindholm and loses puck.
15:08 of 1st period - Icing by Jason Zucker.
15:09 of 1st period - Tim Schaller wins face-off versus Garnet Hathaway in Sasquatch zone.
15:16 of 1st period - Snap shot by Craig Smith.
15:16 of 1st period - Deflect By Alexandre Burrows.
15:16 of 1st period - Stopped by Corey Crawford without a rebound.
15:17 of 1st period - Tim Schaller wins face-off versus Drew Shore in Sasquatch zone.
15:26 of 1st period - Craig Smith is hit by Nick Leddy and loses puck.
15:44 of 1st period - Minor Penalty to Tyler Randell for Holding.
15:45 of 1st period - Tim Schaller wins face-off versus Drew Shore in Sasquatch zone.
16:00 of 1st period - Snap shot by Brandon Prust.
16:00 of 1st period - Shot Misses the Net.
17:44 of 1st period - Penalty to Tyler Randell is over, Tyler Randell is back on ice.
18:01 of 1st period - Ty Wishart is hit by Pierre-Cédric Labrie and loses puck.
18:09 of 1st period - Icing by Jonathan Blum.
18:10 of 1st period - Stefan Matteau wins face-off versus Jason Akeson in Sasquatch zone.
18:28 of 1st period - Snap shot by Jason Akeson.
18:28 of 1st period - Shot Misses the Net.
18:30 of 1st period - Snap shot by Filip Forsberg.
18:30 of 1st period - Shot Misses the Net.
18:32 of 1st period - Snap shot by Jason Akeson.
18:32 of 1st period - Stopped by Matt Murray with a rebound.
18:34 of 1st period - Wrist shot by Jason Akeson.
18:34 of 1st period - Stopped by Matt Murray with a rebound.
18:36 of 1st period - Backhand shot by Filip Forsberg.
18:36 of 1st period - Stopped by Matt Murray with a rebound.
18:42 of 1st period - Snap shot by Filip Forsberg.
18:42 of 1st period - Stopped by Matt Murray with a rebound.
18:58 of 1st period - Wrist shot by Jason Zucker.
18:58 of 1st period - Stopped by Matt Murray with a rebound.
19:02 of 1st period - Wrist shot by Filip Forsberg.
19:02 of 1st period - Deflect By Jason Zucker.
19:02 of 1st period - Deflect By Mark Fraser.
19:02 of 1st period - Shot Misses the Net.
19:02 of 1st period - Puck is out of play.
19:03 of 1st period - Rickard Rakell wins face-off versus Tyler Bozak in Diables zone.
Goals for this period are 0 for Sasquatch vs 0 for Diables.
Shots for this period are 7 for Sasquatch vs 8 for Diables.
2nd period
0:01 of 2nd period - Drew Shore wins face-off versus Tyler Bozak in neutral zone.
0:14 of 2nd period - Danny DeKeiser is hit by Jon Merrill.
0:26 of 2nd period - Garnet Hathaway is hit by Tim Schaller and loses puck.
1:29 of 2nd period - Slapshot by Filip Forsberg.
1:29 of 2nd period - Stopped by Matt Murray without a rebound.
1:30 of 2nd period - Tyler Bozak wins face-off versus Drew Shore in Diables zone.
1:41 of 2nd period - Wrist shot by Drew Shore.
1:41 of 2nd period - Stopped by Matt Murray with a rebound.
1:51 of 2nd period - Backhand shot by Filip Forsberg.
1:51 of 2nd period - Deflect By Hampus Lindholm.
1:51 of 2nd period - Stopped by Matt Murray with a rebound.
1:53 of 2nd period - Slapshot by Drew Shore.
1:53 of 2nd period - Deflect By Filip Forsberg.
1:53 of 2nd period - Shot Blocked by Craig Smith.
1:53 of 2nd period - Puck is out of play.
1:54 of 2nd period - Tim Schaller wins face-off versus Nick Bjugstad in Diables zone.
1:59 of 2nd period - Wrist shot by Tim Schaller.
1:59 of 2nd period - Stopped by Corey Crawford with a rebound.
2:01 of 2nd period - Slapshot by Pavel Valentenko.
2:01 of 2nd period - Stopped by Corey Crawford with a rebound.
2:03 of 2nd period - Snap shot by Tim Schaller.
2:03 of 2nd period - Shot Misses the Net.
2:05 of 2nd period - Slapshot by Mark Fraser.
2:05 of 2nd period - Shot Misses the Net.
2:07 of 2nd period - Wrist shot by Tim Schaller.
2:07 of 2nd period - Stopped by Corey Crawford with a rebound.
2:09 of 2nd period - Wrist shot by Tim Schaller.
2:09 of 2nd period - Deflect By Alexandre Burrows.
2:09 of 2nd period - Shot Blocked by Jason Zucker.
2:09 of 2nd period - Puck is out of play.
2:10 of 2nd period - Tyler Bozak wins face-off versus Drew Shore in Sasquatch zone.
2:11 of 2nd period - Snap shot by Steve Quailer.
2:11 of 2nd period - Shot Misses the Net.
2:13 of 2nd period - Backhand shot by Tyler Bozak.
2:13 of 2nd period - Stopped by Corey Crawford with a rebound.
2:15 of 2nd period - Snap shot by Tyler Bozak.
2:15 of 2nd period - Diables goal is going for a video replay.
2:15 of 2nd period - The goal is good.
2:15 of 2nd period - Goal by Tyler Bozak - Sasquatch : 0 - Diables : 1.
2:16 of 2nd period - Tyler Bozak wins face-off versus Jason Akeson in neutral zone.
2:36 of 2nd period - Minor Penalty to Hampus Lindholm for Tripping.
2:37 of 2nd period - Drew Shore wins face-off versus Tim Schaller in Diables zone.
2:39 of 2nd period - Wrist shot by Jason Akeson.
2:39 of 2nd period - Deflect By Drew Shore.
2:39 of 2nd period - Stopped by Matt Murray with a rebound.
2:41 of 2nd period - Wrist shot by Drew Shore.
2:41 of 2nd period - Stopped by Matt Murray with a rebound.
2:43 of 2nd period - Wrist shot by Drew Shore.
2:43 of 2nd period - Goal by Drew Shore - Sasquatch : 1 - Diables : 1.
2:44 of 2nd period - Tyler Bozak wins face-off versus Nick Bjugstad in neutral zone.
3:57 of 2nd period - Snap shot by Brandon Prust.
3:57 of 2nd period - Shot Misses the Net.
3:59 of 2nd period - Slapshot by Pavel Valentenko.
3:59 of 2nd period - Shot Misses the Net.
4:24 of 2nd period - Snap shot by Nick Bjugstad.
4:24 of 2nd period - Stopped by Matt Murray with a rebound.
4:26 of 2nd period - Slapshot by Jonathan Blum.
4:26 of 2nd period - Stopped by Matt Murray without a rebound.
4:27 of 2nd period - Nick Bjugstad wins face-off versus Tim Schaller in Diables zone.
5:14 of 2nd period - Wrist shot by Rickard Rakell.
5:14 of 2nd period - Shot Misses the Net.
5:20 of 2nd period - Slapshot by Brock Trotter.
5:20 of 2nd period - Stopped by Matt Murray with a rebound.
5:22 of 2nd period - Snap shot by Brock Trotter.
5:22 of 2nd period - Goal by Brock Trotter - Sasquatch : 2 - Diables : 1.
5:23 of 2nd period - Tyler Bozak wins face-off versus Drew Shore in neutral zone.
5:32 of 2nd period - Snap shot by Tyler Bozak.
5:32 of 2nd period - Shot Misses the Net.
5:34 of 2nd period - Slapshot by Jon Merrill.
5:34 of 2nd period - Stopped by Corey Crawford without a rebound.
5:35 of 2nd period - Tyler Bozak wins face-off versus Drew Shore in Sasquatch zone.
6:49 of 2nd period - Minor Penalty to Garnet Hathaway for Hooking.
6:50 of 2nd period - Drew Shore wins face-off versus Tim Schaller in Sasquatch zone.
7:09 of 2nd period - Slapshot by Brock Trotter.
7:09 of 2nd period - Stopped by Matt Murray with a rebound.
7:11 of 2nd period - Slapshot by Jonathan Blum.
7:11 of 2nd period - Stopped by Matt Murray with a rebound.
8:39 of 2nd period - Danny DeKeiser is hit by Alexandre Burrows.
8:49 of 2nd period - Penalty to Garnet Hathaway is over, Garnet Hathaway is back on ice.
8:55 of 2nd period - Jason Akeson is hit by Hampus Lindholm.
9:10 of 2nd period - Mark Fraser is hit by Tyler Randell and loses puck.
9:33 of 2nd period - Hampus Lindholm is hit by Jason Akeson and loses puck.
11:36 of 2nd period - Snap shot by Tim Schaller.
11:36 of 2nd period - Stopped by Corey Crawford with a rebound.
12:26 of 2nd period - Hampus Lindholm is hit by Filip Forsberg and loses puck.
13:03 of 2nd period - Brock Trotter is hit by Taylor Beck and loses puck.
13:08 of 2nd period - Wrist shot by Jordan Szwarz.
13:08 of 2nd period - Deflect By Taylor Beck.
13:08 of 2nd period - Shot Misses the Net.
13:08 of 2nd period - Puck is out of play.
13:09 of 2nd period - Stefan Matteau wins face-off versus Sergey Kalinin in Sasquatch zone.
13:58 of 2nd period - Jordan Szwarz is hit by Tyler Randell and loses puck.
14:17 of 2nd period - Backhand shot by Sergey Kalinin.
14:17 of 2nd period - Stopped by Matt Murray with a rebound.
14:19 of 2nd period - Backhand shot by Tyler Randell.
14:19 of 2nd period - Shot Misses the Net.
14:21 of 2nd period - Snap shot by Sergey Kalinin.
14:21 of 2nd period - Shot Misses the Net.
14:23 of 2nd period - Snap shot by Teemu Hartikainen.
14:23 of 2nd period - Shot Misses the Net.
14:52 of 2nd period - Danny DeKeiser is hit by Stefan Matteau and loses puck.
15:10 of 2nd period - Slapshot by Danny DeKeiser.
15:10 of 2nd period - Deflect By Teemu Hartikainen.
15:10 of 2nd period - Stopped by Matt Murray with a rebound.
15:12 of 2nd period - Snap shot by Teemu Hartikainen.
15:12 of 2nd period - Shot Misses the Net.
15:43 of 2nd period - Snap shot by Tyler Randell.
15:43 of 2nd period - Stopped by Matt Murray without a rebound.
15:44 of 2nd period - Tyler Bozak wins face-off versus Filip Forsberg in Diables zone.
16:29 of 2nd period - Martin Marincin is hit by Louis Leblanc and loses puck.
16:49 of 2nd period - Slapshot by Steve Quailer.
16:49 of 2nd period - Shot Misses the Net.
16:51 of 2nd period - Wrist shot by Brandon Prust.
16:51 of 2nd period - Stopped by Corey Crawford without a rebound.
16:52 of 2nd period - Tyler Bozak wins face-off versus Drew Shore in Sasquatch zone.
17:07 of 2nd period - Wrist shot by Brandon Prust.
17:07 of 2nd period - Stopped by Corey Crawford with a rebound.
17:52 of 2nd period - Wrist shot by Ben Hanowski.
17:52 of 2nd period - Stopped by Corey Crawford with a rebound.
18:02 of 2nd period - Slapshot by Slava Voynov.
18:02 of 2nd period - Deflect By Jason Akeson.
18:02 of 2nd period - Stopped by Matt Murray without a rebound.
18:03 of 2nd period - Jason Akeson wins face-off versus Tyler Bozak in Diables zone.
18:16 of 2nd period - Slapshot by Brandon Prust.
18:16 of 2nd period - Deflect By Drew Shore.
18:16 of 2nd period - Shot Blocked by Drew Shore.
18:16 of 2nd period - Puck is out of play.
18:17 of 2nd period - Tyler Bozak wins face-off versus Nick Bjugstad in Sasquatch zone.
18:46 of 2nd period - Snap shot by Filip Forsberg.
18:46 of 2nd period - Shot Misses the Net.
18:48 of 2nd period - Snap shot by Drew Shore.
18:48 of 2nd period - Shot Misses the Net.
19:30 of 2nd period - Nick Leddy is hit by Mark Fraser and loses puck.
19:57 of 2nd period - Wrist shot by Danny DeKeiser.
19:57 of 2nd period - Stopped by Matt Murray with a rebound.
Goals for this period are 2 for Sasquatch vs 1 for Diables.
Shots for this period are 17 for Sasquatch vs 10 for Diables.
3rd period
0:01 of 3rd period - Tyler Bozak wins face-off versus Filip Forsberg in neutral zone.
0:03 of 3rd period - Off-side.
0:04 of 3rd period - Drew Shore wins face-off versus Tyler Bozak in neutral zone.
0:12 of 3rd period - Snap shot by Drew Shore.
0:12 of 3rd period - Shot Blocked by Jon Merrill.
0:14 of 3rd period - Wrist shot by Jason Akeson.
0:14 of 3rd period - Goal by Jason Akeson - Sasquatch : 3 - Diables : 1.
0:15 of 3rd period - Tyler Bozak wins face-off versus Drew Shore in neutral zone.
0:30 of 3rd period - Snap shot by Drew Shore.
0:30 of 3rd period - Stopped by Matt Murray with a rebound.
0:42 of 3rd period - Nick Leddy is hit by Alexandre Burrows and loses puck.
0:47 of 3rd period - Snap shot by Craig Smith.
0:47 of 3rd period - Stopped by Corey Crawford without a rebound.
0:48 of 3rd period - Drew Shore wins face-off versus Craig Smith in Sasquatch zone.
1:20 of 3rd period - Slapshot by Brandon Prust.
1:20 of 3rd period - Stopped by Corey Crawford without a rebound.
1:21 of 3rd period - Nick Bjugstad wins face-off versus Tyler Bozak in Sasquatch zone.
2:00 of 3rd period - Jason Akeson is hit by Alexandre Burrows and loses puck.
2:35 of 3rd period - Snap shot by Sergey Kalinin.
2:35 of 3rd period - Stopped by Matt Murray with a rebound.
2:37 of 3rd period - Wrist shot by Tyler Randell.
2:37 of 3rd period - Shot Misses the Net.
2:39 of 3rd period - Wrist shot by Sergey Kalinin.
2:39 of 3rd period - Stopped by Matt Murray with a rebound.
2:41 of 3rd period - Wrist shot by Sergey Kalinin.
2:41 of 3rd period - Shot Misses the Net.
2:47 of 3rd period - Minor Penalty to Mark Fraser for Holding.
2:48 of 3rd period - Drew Shore wins face-off versus Tim Schaller in Diables zone.
2:51 of 3rd period - Wrist shot by Drew Shore.
2:51 of 3rd period - Deflect By Filip Forsberg.
2:51 of 3rd period - Shot Blocked by Tim Schaller.
2:51 of 3rd period - Puck is out of play.
2:52 of 3rd period - Tim Schaller wins face-off versus Drew Shore in Diables zone.
2:59 of 3rd period - Filip Forsberg is hit by Jamie Oleksiak and loses puck.
3:06 of 3rd period - Wrist shot by Drew Shore.
3:06 of 3rd period - Shot Misses the Net.
3:08 of 3rd period - Snap shot by Jonathan Blum.
3:08 of 3rd period - Shot Misses the Net.
4:17 of 3rd period - Nick Bjugstad is hit by Alexandre Burrows and loses puck.
4:47 of 3rd period - Penalty to Mark Fraser is over, Mark Fraser is back on ice.
5:03 of 3rd period - Slapshot by Olli Maatta.
5:03 of 3rd period - Deflect By Martin Marincin.
5:03 of 3rd period - Stopped by Corey Crawford without a rebound.
5:04 of 3rd period - Tyler Randell wins face-off versus Stefan Matteau in Sasquatch zone.
5:09 of 3rd period - Jordan Szwarz is hit by Tyler Randell and loses puck.
5:37 of 3rd period - Snap shot by Teemu Hartikainen.
5:37 of 3rd period - Shot Misses the Net.
5:39 of 3rd period - Slapshot by Slava Voynov.
5:39 of 3rd period - Stopped by Matt Murray without a rebound.
5:40 of 3rd period - Steve Quailer wins face-off versus Drew Shore in Diables zone.
5:50 of 3rd period - Off-side.
5:51 of 3rd period - Drew Shore wins face-off versus Tyler Bozak in neutral zone.
5:51 of 3rd period - Drew Shore is hit by Hampus Lindholm.
6:37 of 3rd period - Snap shot by Hampus Lindholm.
6:37 of 3rd period - Shot Misses the Net.
6:47 of 3rd period - Slapshot by Jon Merrill.
6:47 of 3rd period - Shot Blocked by Brock Trotter.
7:01 of 3rd period - Wrist shot by Taylor Beck.
7:01 of 3rd period - Deflect By Brandon Prust.
7:01 of 3rd period - Shot Blocked by Danny DeKeiser.
7:01 of 3rd period - Puck is out of play.
7:02 of 3rd period - Sergey Kalinin wins face-off versus Tyler Bozak in Sasquatch zone.
7:09 of 3rd period - Wrist shot by Steve Quailer.
7:09 of 3rd period - Shot Blocked by Slava Voynov.
7:11 of 3rd period - Slapshot by Olli Maatta.
7:11 of 3rd period - Shot Misses the Net.
7:13 of 3rd period - Slapshot by Olli Maatta.
7:13 of 3rd period - Stopped by Corey Crawford without a rebound.
7:14 of 3rd period - Tyler Bozak wins face-off versus Drew Shore in Sasquatch zone.
7:27 of 3rd period - Snap shot by Filip Forsberg.
7:27 of 3rd period - Shot Misses the Net.
7:29 of 3rd period - Wrist shot by Filip Forsberg.
7:29 of 3rd period - Stopped by Matt Murray with a rebound.
8:07 of 3rd period - Wrist shot by Taylor Beck.
8:07 of 3rd period - Shot Blocked by Tyler Randell.
8:09 of 3rd period - Wrist shot by Stefan Matteau.
8:09 of 3rd period - Shot Blocked by Tyler Randell.
8:11 of 3rd period - Slapshot by Mark Fraser.
8:11 of 3rd period - Stopped by Corey Crawford with a rebound.
8:13 of 3rd period - Snap shot by Jordan Szwarz.
8:13 of 3rd period - Shot Blocked by Ty Wishart.
8:15 of 3rd period - Backhand shot by Stefan Matteau.
8:15 of 3rd period - Stopped by Corey Crawford without a rebound.
8:16 of 3rd period - Drew Shore wins face-off versus Tyler Bozak in Sasquatch zone.
8:16 of 3rd period - Drew Shore is hit by Brandon Prust.
8:41 of 3rd period - Drew Shore is hit by Jordan Szwarz and loses puck.
8:59 of 3rd period - Snap shot by Jason Akeson.
8:59 of 3rd period - Goal by Jason Akeson - Sasquatch : 4 - Diables : 1.
9:00 of 3rd period - Tyler Bozak wins face-off versus Nick Bjugstad in neutral zone.
9:25 of 3rd period - Brian Dumoulin is hit by Danny DeKeiser and loses puck.
9:50 of 3rd period - Snap shot by Alexandre Burrows.
9:50 of 3rd period - Deflect By Jason Akeson.
9:50 of 3rd period - Shot Misses the Net.
9:50 of 3rd period - Puck is out of play.
9:51 of 3rd period - Tim Schaller wins face-off versus Drew Shore in Sasquatch zone.
9:54 of 3rd period - Backhand shot by Tim Schaller.
9:54 of 3rd period - Stopped by Corey Crawford with a rebound.
10:15 of 3rd period - Craig Smith is hit by Filip Forsberg and loses puck.
10:26 of 3rd period - Wrist shot by Jason Akeson.
10:26 of 3rd period - Shot Misses the Net.
10:28 of 3rd period - Wrist shot by Filip Forsberg.
10:28 of 3rd period - Shot Misses the Net.
10:34 of 3rd period - Wrist shot by Drew Shore.
10:34 of 3rd period - Stopped by Matt Murray without a rebound.
10:35 of 3rd period - Nick Bjugstad wins face-off versus Tyler Bozak in Diables zone.
10:48 of 3rd period - Wrist shot by Nick Bjugstad.
10:48 of 3rd period - Stopped by Matt Murray without a rebound.
10:49 of 3rd period - Tyler Bozak wins face-off versus Garnet Hathaway in Diables zone.
11:04 of 3rd period - Nick Bjugstad is hit by Tyler Bozak and loses puck.
11:55 of 3rd period - Icing by Sergey Kalinin.
11:56 of 3rd period - Louis Leblanc wins face-off versus Sergey Kalinin in Sasquatch zone.
12:11 of 3rd period - Ben Hanowski is hit by Tyler Randell and loses puck.
12:30 of 3rd period - Slapshot by Teemu Hartikainen.
12:30 of 3rd period - Stopped by Matt Murray with a rebound.
12:37 of 3rd period - Off-side.
12:38 of 3rd period - Tyler Bozak wins face-off versus Drew Shore in neutral zone.
12:49 of 3rd period - Slapshot by Danny DeKeiser.
12:49 of 3rd period - Shot Misses the Net.
12:51 of 3rd period - Snap shot by Jason Akeson.
12:51 of 3rd period - Stopped by Matt Murray with a rebound.
12:53 of 3rd period - Slapshot by Danny DeKeiser.
12:53 of 3rd period - Shot Misses the Net.
13:03 of 3rd period - Backhand shot by Brock Trotter.
13:03 of 3rd period - Stopped by Matt Murray with a rebound.
13:05 of 3rd period - Snap shot by Danny DeKeiser.
13:05 of 3rd period - Shot Blocked by Hampus Lindholm.
13:07 of 3rd period - Slapshot by Nick Leddy.
13:07 of 3rd period - Deflect By Rickard Rakell.
13:07 of 3rd period - Stopped by Matt Murray with a rebound.
13:09 of 3rd period - Snap shot by Rickard Rakell.
13:09 of 3rd period - Shot Blocked by Jon Merrill.
13:11 of 3rd period - Wrist shot by Brock Trotter.
13:11 of 3rd period - Shot Blocked by Brandon Prust.
13:13 of 3rd period - Snap shot by Rickard Rakell.
13:13 of 3rd period - Stopped by Matt Murray without a rebound.
13:14 of 3rd period - Tim Schaller wins face-off versus Drew Shore in Diables zone.
13:43 of 3rd period - Snap shot by Garnet Hathaway.
13:43 of 3rd period - Shot Blocked by Pavel Valentenko.
13:45 of 3rd period - Wrist shot by Jason Zucker.
13:45 of 3rd period - Shot Misses the Net.
13:47 of 3rd period - Slapshot by Garnet Hathaway.
13:47 of 3rd period - Deflect By Jason Zucker.
13:47 of 3rd period - Shot Misses the Net.
13:47 of 3rd period - Puck is out of play.
13:48 of 3rd period - Drew Shore wins face-off versus Tyler Bozak in Diables zone.
13:51 of 3rd period - Snap shot by Filip Forsberg.
13:51 of 3rd period - Shot Misses the Net.
13:56 of 3rd period - Off-side.
13:57 of 3rd period - Drew Shore wins face-off versus Tyler Bozak in neutral zone.
14:00 of 3rd period - Slapshot by Drew Shore.
14:00 of 3rd period - Shot Blocked by Hampus Lindholm.
14:06 of 3rd period - Backhand shot by Jon Merrill.
14:06 of 3rd period - Shot Blocked by Danny DeKeiser.
14:30 of 3rd period - Snap shot by Hampus Lindholm.
14:30 of 3rd period - Stopped by Corey Crawford with a rebound.
14:38 of 3rd period - Snap shot by Jason Akeson.
14:38 of 3rd period - Shot Blocked by Jon Merrill.
14:43 of 3rd period - Hampus Lindholm is hit by Drew Shore and loses puck.
14:54 of 3rd period - Brandon Prust is hit by Jason Akeson and loses puck.
15:09 of 3rd period - Snap shot by Steve Quailer.
15:09 of 3rd period - Shot Misses the Net.
15:29 of 3rd period - Wrist shot by Drew Shore.
15:29 of 3rd period - Shot Blocked by Jon Merrill.
15:44 of 3rd period - Off-side.
15:45 of 3rd period - Nick Bjugstad wins face-off versus Tim Schaller in neutral zone.
15:55 of 3rd period - Nick Bjugstad is hit by Alexandre Burrows and loses puck.
16:12 of 3rd period - Ty Wishart is hit by Jordan Szwarz and loses puck.
16:53 of 3rd period - Alexandre Burrows is hit by Jonathan Blum and loses puck.
17:08 of 3rd period - Wrist shot by Jordan Szwarz.
17:08 of 3rd period - Shot Misses the Net.
17:10 of 3rd period - Backhand shot by Brian Dumoulin.
17:10 of 3rd period - Stopped by Corey Crawford with a rebound.
17:12 of 3rd period - Slapshot by Stefan Matteau.
17:12 of 3rd period - Stopped by Corey Crawford with a rebound.
17:14 of 3rd period - Slapshot by Jordan Szwarz.
17:14 of 3rd period - Shot Blocked by Martin Marincin.
17:31 of 3rd period - Louis Leblanc is hit by Petr Straka and loses puck.
17:38 of 3rd period - Snap shot by Brock Trotter.
17:38 of 3rd period - Stopped by Matt Murray with a rebound.
18:02 of 3rd period - Minor Penalty to Jordan Szwarz for Tripping.
18:03 of 3rd period - Nick Bjugstad wins face-off versus Tim Schaller in Diables zone.
18:11 of 3rd period - Snap shot by Nick Bjugstad.
18:11 of 3rd period - Goal by Nick Bjugstad - Sasquatch : 5 - Diables : 1.
18:12 of 3rd period - Nick Bjugstad wins face-off versus Tyler Bozak in neutral zone.
19:07 of 3rd period - Slapshot by Stefan Matteau.
19:07 of 3rd period - Deflect By Brock Trotter.
19:07 of 3rd period - Stopped by Corey Crawford with a rebound.
19:21 of 3rd period - Brian Dumoulin is hit by Danny DeKeiser and loses puck.
Goals for this period are 3 for Sasquatch vs 0 for Diables.
Shots for this period are 16 for Sasquatch vs 11 for Diables.
Back to the Top